 Dungeon Crawl Stone Soup version 0.19.5 (webtiles) character file.

487 IcySystem the Sneak (level 6, -11/28 HPs)
             Began as a Spriggan Enchanter on May 24, 2017.
             Mangled by a wyvern (15 damage)
             ... on level 4 of the Dungeon.
             The game lasted 00:26:10 (6206 turns).

IcySystem the Sneak (Spriggan Enchanter)            Turns: 6206, Time: 00:26:35

Health: -11/28     AC:  3    Str:  4    XL:     6   Next: 89%
Magic:  13/16      EV: 18    Int: 19    God:
Gold:   174        SH:  0    Dex: 16    Spells: 3 memorised, 11 levels left

rFire  . . .     SeeInvis +     r - +0 dagger (venom)
rCold  . . .     Gourm    .     b - +1 robe
rNeg   . . .     Faith    .     (shield restricted)
rPois  .         Spirit   .     (helmet restricted)
rElec  .         Reflect  .     (no cloak)
rCorr  .         Harm     .     (gloves unavailable)
MR     +....                    (boots unavailable)
Stlth  +++.......               (no amulet)
                                (no ring)
                                (no ring)

@: very quick
A: unfitting armour, see invisible, herbivore 3, speed 3, slow metabolism 2
a: no special abilities


You were on level 4 of the Dungeon.
You were not hungry.

You visited 1 branch of the dungeon, and saw 5 of its levels.
You also visited: Sewer.

You collected 174 gold pieces.

Inventory:

Hand Weapons
 a - a +1 dagger
 r - a +0 dagger of venom (weapon)
Missiles
 m - 21 sling bullets
Armour
 b - a +1 robe (worn)
Scrolls
 e - 7 scrolls of identify {unknown}
 g - a scroll of blinking {unknown}
 h - a scroll of remove curse {unknown}
 i - a scroll of random uselessness {unknown}
 l - 3 scrolls of teleportation {unknown}
 p - a scroll of amnesia {unknown}
 s - a scroll of recharging {unknown}
 t - 2 scrolls of fog {unknown}
Potions
 d - a potion of degeneration {unknown}
 f - 2 potions of brilliance {unknown}
 j - a potion of agility {unknown}
 k - 2 potions of invisibility {unknown}
 n - 2 potions of flight {unknown}
 q - a potion of heal wounds {unknown}
Books
 c - a book of Maledictions

   Spells                             Type                      Level
   a - Corona                         Hexes                        1
   b - Ensorcelled Hibernation        Hexes/Ice                    2
   c - Confuse                        Hexes                        3
   d - Tukima's Dance                 Hexes                        3
   e - Dazzling Spray                 Conjuration/Hexes            3
 o - a book of Cantrips

   Spells                             Type                      Level
   a - Confusing Touch                Hexes                        1
   b - Animate Skeleton               Necromancy                   1
   c - Summon Small Mammal            Summoning                    1
   d - Apportation                    Translocation                1


   Skills:
 - Level 1.1 Short Blades
 - Level 3.0 Dodging
 + Level 6.7 Stealth
 - Level 6.4 Spellcasting
 + Level 6.2 Hexes


You had 11 spell levels left.
You knew the following spells:

 Your Spells              Type           Power        Failure   Level  Hunger
a - Corona                Hex            ####...      1%          1    None
b - Ensorcelled Hibernat  Hex/Ice        ###...       6%          2    None
c - Confuse               Hex            ####....     2%          3    ##.....


Dungeon Overview and Level Annotations

Branches:
Dungeon (5/15)
 Temple: D:4-7

Altars:
Okawaru
Qazlal

Shops:
D:4 *


Innate Abilities, Weirdness & Mutations

You are very small and have problems with some larger weapons.
You are too small for most types of armour.
You have supernaturally acute eyesight. (SInv)
You are a herbivore.
You cover ground extremely quickly.
You need consume almost no food.


Message History

Casting: Ensorcelled Hibernation
Confirm with . or Enter, or press ? or * to list all spells.
Aiming: Ensorcelled Hibernation
Press: ? - help, Shift-Dir - straight line, f - wyvern
Aim: a wyvern (chance to defeat MR: 48%)
The wyvern resists with some effort.
The wyvern completely misses you.
Casting: Ensorcelled Hibernation
Confirm with . or Enter, or press ? or * to list all spells.
Aiming: Ensorcelled Hibernation
Press: ? - help, Shift-Dir - straight line, f/p - wyvern
Aim: a wyvern (chance to defeat MR: 48%)
The wyvern looks drowsy...
The helpless wyvern fails to defend itself.
You impale the wyvern!!
The wyvern is almost dead.
The wyvern bites you!
* * * LOW HITPOINT WARNING * * *
The wyvern bites you!
Ouch! That really hurt!
You die...

......'......#.....#
......#......#.....#
......#..##..#.....#
......#..##..#.....#
......#..###'#.....#
......#......#.....#
......#......#.....#
......#..###.#...l.#
......#..###.##.@..#
......#.......#....#
......#.......'....#
......#########....#
####### ######


You could see a wyvern.

Vanquished Creatures
  The ghost of IcySystem the Sneak, an amateur SpEn (Sewer)
  The ghost of Reinor the Ducker, an amateur SpEE (D:3)
  A scorpion (D:4)
  A howler monkey (D:4)
  A hound (D:3)
  A bullfrog skeleton (D:4)
  A hound skeleton (D:4)
  4 gnolls (D:3)
  A river rat (D:4)
  5 adders
  An adder skeleton (D:2)
  4 worms
  2 dart slugs
  4 leopard geckos
  An orc (D:4)
  12 bats
  A bat skeleton (D:2)
  A bat zombie (D:2)
  6 giant cockroaches
  15 goblins
  7 hobgoblins
  4 jackals (Sewer)
  2 quokkas
  2 ball pythons
  A ball python skeleton (D:2)
  8 frilled lizards
  8 kobolds
  A leopard gecko skeleton (D:4)
  A quokka skeleton (D:4)
  9 rats
107 creatures vanquished.

Notes
Turn   | Place    | Note
-------+----------+-------------------------------------------
     0 | D:1      | IcySystem the Spriggan Enchanter began the quest for the Orb.
     0 | D:1      | Reached XP level 1. HP: 9/9 MP: 5/5
   298 | D:1      | Found an iron altar of Okawaru.
   300 | D:1      | Reached XP level 2. HP: 13/13 MP: 5/7
   323 | D:1      | Learned a level 2 spell: Ensorcelled Hibernation
  1422 | D:2      | Reached XP level 3. HP: 16/16 MP: 9/9
  1586 | D:2      | Learned a level 3 spell: Confuse
  2256 | D:2      | Reached skill level 5 in Spellcasting
  2406 | D:3      | Reached XP level 4. HP: 21/21 MP: 9/12
  2464 | D:3      | Found a stormy altar of Qazlal.
  2464 | D:3      | Noticed Reinor's ghost (amateur SpEE)
  3181 | D:3      | Reached XP level 5. HP: 20/24 MP: 2/14
  3306 | D:3      | Killed Reinor's ghost
  3629 | D:3      | Reached skill level 5 in Hexes
  4299 | D:4      | Reached skill level 5 in Stealth
  4462 | D:4      | Found a glowing drain.
  4466 | Sewer    | Entered a sewer
  4466 | Sewer    | Noticed IcySystem's ghost (amateur SpEn)
  4484 | Sewer    | Reached XP level 6. HP: 14/28 MP: 2/16
  4525 | Sewer    | Killed IcySystem's ghost
  5720 | D:4      | Found Zuleifiwu's Assorted Antiques.
  6176 | D:5      | Entered Level 5 of the Dungeon
  6176 | D:5      | Noticed a wyvern
  6206 | D:4      | Mangled by a wyvern

Skill      XL: |  1  2  3  4  5  6 |
---------------+-------------------+-----
Spellcasting   | 3 4 5 6 |  6.4
Hexes          | 4 5 6 |  6.2
Stealth        | 5 6 |  6.7
Short Blades   | |  1.1
Dodging        | |  3.0

Action                   |  1- 3 |  4- 6 || total
-------------------------+-------+-------++-------
Melee: Dagger            |   186 |   174 ||   360
 Cast: Ensorcelled Hiber |    19 |    58 ||    77
       Confuse           |     3 |    17 ||    20
  Use: Potion            |       |     1 ||     1
 Stab: Sleeping          |    21 |    32 ||    53
       Distracted        |     2 |     1 ||     3
       Confused          |     1 |     7 ||     8
  Eat: Royal jelly       |       |     1 ||     1
       Bread ration      |       |     1 ||     1
Armor: Robe              |    24 |    24 ||    48
Dodge: Dodged            |   156 |   156 ||   312
